 Dungeon Crawl Stone Soup version 0.26-a0-800-g517d6fe721 (webtiles) character file.

Game seed: 4139254996694086476

739 reriks the Skirmisher (level 7, -8/75 HPs)
             Began as an Ogre Monk on Nov 11, 2020.
             Mangled by an ice beast (9 damage)
             ... on level 5 of the Dungeon.
             The game lasted 00:10:28 (7763 turns).

reriks the Skirmisher (Ogre Monk)                   Turns: 7763, Time: 00:10:29

Health: -8/75      AC:  3    Str: 18    XL:     7   Next: 75%
Magic:  0/7        EV: 12    Int: 11    God:
Gold:   160        SH:  0    Dex: 17    Spells: 6/6 levels left

rFire    . . .     SeeInvis .   a - +1 mace
rCold    . . .     Faith    .   (no shield)
rNeg     . . .     Spirit   +   b - +0 robe
rPois    .         Reflect  .   (helmet restricted)
rElec    .         Harm     .   (no cloak)
rCorr    .         Rampage  .   (gloves unavailable)
MR       .....                  (boots unavailable)
Stlth    ++........             j - amulet of guardian spirit
HPRegen  0.22/turn              e - ring of flight
MPRegen  0.10/turn              g - +6 ring of dexterity

@: no status effects
A: large, unfitting armour, tough skin 1
a: Evoke Flight


You were on level 5 of the Dungeon.
You visited 1 branch of the dungeon, and saw 5 of its levels.

You collected 160 gold pieces.

Inventory:

Hand Weapons
 a - a +1 mace (weapon)
 o - a +1 hand axe of flaming
 q - a +1 war axe of draining
Armour
 b - a +0 robe (worn)
Jewellery
 e - a ring of flight (left hand)
 g - a +6 ring of dexterity (right hand)
 j - an amulet of guardian spirit (around neck)
 m - a +6 ring of dexterity
Wands
 p - a wand of polymorph (2)
Scrolls
 f - a scroll of teleportation
 h - 2 scrolls of enchant armour
 i - 2 scrolls of remove curse
 n - a scroll of amnesia {unknown}
Potions
 c - 2 potions of brilliance {unknown}
 d - a potion of magic {unknown}
 k - 2 potions of degeneration
 l - 2 potions of curing


   Skills:
 + Level 6.0 Fighting
 * Level 5.1 Maces & Flails
 + Level 2.4 Armour
 + Level 4.0 Dodging
 + Level 3.0 Stealth


You had 6 spell levels left.
You didn't know any spells.
Your spell library was empty.

Dungeon Overview and Level Annotations

Branches:
Dungeon (5/15)
 Temple: D:4-7

Altars:
Kikubaaqudgha
Okawaru
Yredelemnul


Innate Abilities, Weirdness & Mutations

You are too large for most types of armour.
You have tough skin. (AC +1)


Message History

The ice beast hits you. The ice beast freezes you!
You closely miss the ice beast.
The ice beast is almost dead.
The ice beast hits you. The ice beast freezes you!
* * * LOW HITPOINT WARNING * * *
You hit the ice beast but do no damage.
The ice beast is almost dead.
The ice beast hits you but does no damage.
You completely miss the ice beast.
The ice beast is almost dead.
The ice beast hits you.
* * * LOW HITPOINT WARNING * * *
The ice beast freezes you!
* * * LOW HITPOINT WARNING * * *
You hit the ice beast.
The ice beast is almost dead.
The ice beast barely misses you. The ice beast hits you.
* * * LOW HITPOINT WARNING * * *
The ice beast freezes you!
You die...

####### #### #.....#
.....
##.)...###########......
.......'........@Y......
##.....###########).....
#.....# ..... #######
.... ### ### ..+ ###


You could see an ice beast.

Vanquished Creatures
  A centaur (D:3)
  A big kobold (D:4)
  A bullfrog (D:3)
  A howler monkey (D:4)
  2 jellies
  A hound (D:3)
  A bullfrog skeleton (D:4)
  2 orc wizards
  Jessica (D:2)
  2 worker ants (D:4)
  4 gnolls
  8 adders
  An adder zombie (D:5)
  A worm (D:2)
  3 dart slugs
  2 leopard geckos
  18 orcs
  2 ball pythons (D:1)
  11 bats
  5 giant cockroaches
  7 goblins
  4 hobgoblins
  4 jackals
  9 kobolds
  3 quokkas
  5 frilled lizards
  A quokka skeleton (D:4)
  10 rats
  A spectral orc (D:2)
112 creatures vanquished.

Notes
Turn   | Place    | Note
-------+----------+-------------------------------------------
     0 | D:1      | reriks the Ogre Monk began the quest for the Orb.
     0 | D:1      | Reached XP level 1. HP: 24/24 MP: 1/1
   113 | D:1      | Reached XP level 2. HP: 32/32 MP: 2/2
   512 | D:1      | Reached XP level 3. HP: 29/40 MP: 3/3
   856 | D:1      | Found an ancient bone altar of Kikubaaqudgha.
   910 | D:2      | Noticed Jessica
   925 | D:2      | Killed Jessica
   929 | D:2      | Reached XP level 4. HP: 32/49 MP: 2/4
  1068 | D:2      | Reached skill level 1 in Armour
  1434 | D:2      | Found a basalt altar of Yredelemnul.
  2079 | D:2      | Reached XP level 5. HP: 13/55 MP: 1/5
  3124 | D:3      | Reached skill level 5 in Fighting
  4078 | D:3      | Reached XP level 6. HP: 8/66 MP: 0/6
  5801 | D:4      | Reached XP level 7. HP: 36/72 MP: 4/7
  6165 | D:4      | Found an iron altar of Okawaru.
  6470 | D:4      | Noticed Sigmund
  6472 | D:4      | Noticed Sigmund
  6472 | D:4      | Sigmund changed into Sigmund the jelly
  6477 | D:4      | Killed Sigmund the jelly
  7009 | D:4      | Reached skill level 5 in Maces & Flails
  7376 | D:5      | Entered Level 5 of the Dungeon
  7498 | D:5      | Reached skill level 6 in Fighting
  7763 | D:5      | HP: 1/75 [ice beast (4)]
  7763 | D:5      | Mangled by an ice beast

Illustrated notes

Levels and vault maps discovered:
D:1:      dpeg_arrival_water_altar, layout_rooms
D:2:      layout_basic, yredelemnul_forgotten_temple_becter, uniq_jessica
D:3:      layout_rooms
D:4:      layout_cave_pods, okawaru_gym_becter, uniq_sigmund
D:5:      layout_basic, minmay_temple_entry_junction, serial_shops, shop_statue

Skill      XL: |  1  2  3  4  5  6  7 |
---------------+----------------------+-----
Maces & Flails | 3 4 5 |  5.1
Dodging        | 3 4 |  4.0
Armour         | 1 2 |  2.4
Stealth        | 2 3 |  3.0
Fighting       | 5 6 |  6.0

Action                   |  1- 3 |  4- 6 |  7- 9 || total
-------------------------+-------+-------+-------++-------
Melee: Mace              |    89 |   269 |   113 ||   471
Evoke: Wand              |       |       |     6 ||     6
  Use: Scroll            |       |    10 |     1 ||    11
 Stab: Sleeping          |     1 |     2 |     1 ||     4
Armor: Robe              |    39 |    60 |    25 ||   124
Dodge: Dodged            |    67 |   169 |    57 ||   293

Table legend: (Time is in decaauts)
 A = Elapsed time spent in this place.
 B = Non-inter-level travel time spent in this place.
 C = Inter-level travel time spent in this place.
 D = Time resting spent in this place.
 E = Time spent auto-exploring this place.
 F = Levels seen in this place.
 G = Mean time per level.
                   A        B        C        D        E       F      G
               +--------+--------+--------+--------+--------+-----+--------+
         Total |   7877 |   7616 |    261 |   4300 |   2008 |   5 | 1575.4 |
       Dungeon |   7877 |   7616 |    261 |   4300 |   2008 |   5 | 1575.4 |
               +--------+--------+--------+--------+--------+-----+--------+

Top non-repeatable levels by time:
     D:2: 3399 daAuts
     D:4: 2069 daAuts
     D:1: 1133 daAuts
     D:3: 876 daAuts
     D:5: 399 daAuts
